 Dungeon Crawl Stone Soup version 0.29.1-12-g30fa7ad0bf (webtiles) character file.

Game seed: 1822869432001369417

119221 sanboga the Warrior (level 16, -6/240 HPs)
             Began as a Minotaur Berserker on Jan 8, 2023.
             Was the Champion of Trog.
             Mangled by a salamander
             ... wielding a +0 glaive
              (29 damage)
             ... on level 1 of the Snake Pit.
             The game lasted 00:33:30 (28115 turns).

sanboga the Warrior (Minotaur Berserker)           Turns: 28115, Time: 00:33:31

Health: -6/240     AC: 29    Str: 31    XL:     16   Next: 27%
Magic:  15/15      EV: 12    Int:  6    God:    Trog [******]
Gold:   2024       SH: 19    Dex: 14    Spells: 15/15 levels left

rFire   + + .      SeeInvis .   m - +9 broad axe (flame)
rCold   + + +      Faith    .   g - +0 tower shield
rNeg    . . .      Spirit   .   D - +5 plate armour of Suaxkeasm {rC+++ Will- rCorr Slay+2}
rPois   +          Reflect  .   (helmet restricted)
rElec   .          Harm     .   u - scarf {rC+ rF+}
rCorr   +          Rampage  .   i - +1 pair of gloves
Will    .....                   J - +1 pair of boots of the Sun {+Blink rPois Dex+2 Stlth-}
Stlth   ..........              (no amulet)
HPRegen 0.50/turn               a - ring "Yvadum" {rF+ Str+3 Int+2}
MPRegen 0.14/turn               y - +4 ring of evasion

@: berserking, lethally poisoned (-6 -> -7), slowed, studying Unarmed Combat
A: horns 2, retaliatory headbutt
a: Renounce Religion, Evoke Blink, Berserk, Trog's Hand, Brothers in Arms


You were on level 1 of the Snake Pit.
You worshipped Trog.
Trog was exalted by your worship.
You visited 4 branches of the dungeon, and saw 23 of its levels.
You also visited: Sewer, Bailey, Gauntlet and Volcano.

You collected 2993 gold pieces.
You spent 969 gold pieces at shops.

Inventory:

Hand Weapons
 m - a +9 broad axe of flaming (weapon)
 B - a +8 broad axe of flaming
Armour
 g - a +0 tower shield (worn)
 i - a +1 pair of gloves (worn)
 u - a scarf of resistance (worn)
 C - a +5 crystal plate armour of ponderousness
 D - the +5 plate armour of Suaxkeasm (worn) {rC+++ Will- rCorr Slay+2}
   (You took it off an orc warrior on level 8 of the Dungeon)

   Slay:      It affects your accuracy & damage with ranged weapons and melee
   (+2).
   rC:        It renders you almost immune to cold.
   rCorr:     It protects you from acid and corrosion.
   Will:      It decreases your willpower.
 J - the +1 pair of boots of the Sun (worn) {+Blink rPois Dex+2 Stlth-}
   (You found it in a Gauntlet)

   Dex:       It affects your dexterity (+2).
   rPois:     It protects you from poison.
   +Blink:    It lets you blink.
   Stlth:     It makes you less stealthy.
Jewellery
 a - the ring "Yvadum" (left hand) {rF+ Str+3 Int+2}
   (You acquired it on level 9 of the Dungeon)

   [ring of protection from fire]

   Str:       It affects your strength (+3).
   Int:       It affects your intelligence (+2).
   rF:        It protects you from fire.
 b - a ring of flight
 y - a +4 ring of evasion (right hand)
 H - a ring of protection from fire
Wands
 h - a wand of roots (5)
 l - a wand of mindburst (25)
 p - a wand of polymorph (14)
 F - a wand of paralysis (21)
 I - a wand of quicksilver (12)
Scrolls
 c - 5 scrolls of fear
 f - a scroll of summoning
 k - a scroll of magic mapping
 n - 6 scrolls of blinking
 t - 5 scrolls of enchant armour
 w - 14 scrolls of teleportation
Potions
 d - 14 potions of curing
 e - 3 potions of invisibility
 j - 2 potions of berserk rage
 o - 3 potions of cancellation
 q - 5 potions of might
 r - 3 potions of heal wounds
 s - 7 potions of flight
 v - 4 potions of haste
 x - a potion of ambrosia
 z - 9 potions of mutation
 A - 3 potions of resistance


   Skills:
 + Level 19.1 Fighting
 - Level 18.0 Axes
 + Level 18.9 Armour
 - Level 2.1 Dodging
 + Level 15.2 Shields


You had 15 spell levels left.
You didn't know any spells.
Your spell library was empty.

Dungeon Overview and Level Annotations

Branches:
Dungeon (15/15)            Temple (0/1) D:4            Lair (5/5) D:8
 Shoals (0/4) Lair:2        Snake (1/4) Lair:2        Slime (0/5) Lair:4
    Orc (2/2) D:11            Elf (0/3) Orc:2        Vaults (0/5) D:13
 Depths (0/4) D:15          Sewer (visited)          Bailey (visited)
Volcano (visited)         Gauntlet (visited)

Altars:
Ashenzari
Hepliaklqana
Nemelex Xobeh
Xom
Jiyva

Shops:
D:4 [   Orc:1 *![   Orc:2 !=(=:


Innate Abilities, Weirdness & Mutations

You have a pair of horns on your head.
You reflexively headbutt those who attack you in melee.


Message History

You slice the naga warrior!! You burn the naga warrior.
You kill the naga warrior!
Trog accepts your kill.
You feel sick.
The naga mage no longer looks unusually strong.
The naga mage hits you with a +0 spear!
* * * LOW HITPOINT WARNING * * *
The naga mage constricts you.
You hit the naga mage. You burn the naga mage.
Your headbutt misses the naga mage.
The naga mage is moderately wounded.
You feel sick. You block the salamander's attack.
The naga mage hits you but does no damage.
The naga mage constricts you.
You hit the naga mage. You burn the naga mage. You headbutt the naga mage!!
The naga mage is almost dead.
You feel sick. You block the naga mage's attack. The naga mage constricts you.
* * * LOW HITPOINT WARNING * * *
You block the salamander's attack.
You barely miss the naga mage.
The naga mage is almost dead.
You feel sick.
The naga mage hits you but does no damage.
The naga mage constricts you.
* * * LOW HITPOINT WARNING * * *
You block the salamander's attack. You block the naga mage's attack.
The naga mage constricts you.
* * * LOW HITPOINT WARNING * * *
You slash the naga mage! You burn the naga mage.
You kill the naga mage!
Trog accepts your kill.
Trog appreciates your killing of a magic user.
You feel sick. You block the salamander's attack.
You feel sick. You block the salamander's attack.
Things that are here:
a +0 spear; a +0 robe; a naga corpse You slice the salamander!!
The salamander is moderately wounded.
The salamander hits you with a +0 glaive!!
You die...

#...#.# #...
#.###.## ####
#... # #
#..##...# #.## .
##....#########
#. #.......##....
#.#
###.##....##....
..##..###.).#
.^#+# #.)
.......)).##..###
### ......N@###
.## # ...#.##.#
.# .. ... .# #
#.... .# .....#
## ..(##.# ... .#
.... .. #.


You could see a salamander (strong).

Vanquished Creatures
  A dire elephant (D:15)
  A minotaur (Gauntlet)
  Fannar (D:11)
  6 hydras
  8 vault guards
  2 catoblepae
  3 boulder beetles
  6 centaur warriors
  7 two-headed ogres
  Erica (D:9)
  2 anacondas (Snake:1)
  9 death yaks
  3 tengu warriors
  2 naga warriors (Snake:1)
  A shock serpent (Snake:1)
  3 orc high priests (Orc:2)
  Sonja (Lair:4)
  A sun demon (Volcano)
  A salamander mystic (Snake:1)
  Amaemon (D:9)
  An anaconda zombie (Snake:1)
  3 skeletal warriors (D:14)
  The ghost of Jingleheimer the Spear-Bearer, a novice DsGl of Yredelemnul (D:8)
  2 naga ritualists (Snake:1)
  A lindwurm (Lair:5)
  Pikel (D:5)
  11 orc knights
  3 mana vipers (Snake:1)
  2 deep elf pyromancers
  An anaconda skeleton (Snake:1)
  12 ugly things
  2 wolf spiders
  An oklob plant (Lair:2)
  A slime creature (D:15)
  7 orc sorcerers
  10 manticores
  A salamander (Snake:1)
  10 cyclopes
  7 black mambas
  8 elephants
  2 naga magi
  Maggie (Lair:2)
  A torpor snail (Lair:5)
  4 gargoyles
  11 cane toads
  5 unseen horrors (D:13)
  An efreet (D:13)
  3 tengu conjurers
  An orange demon (D:9)
  A kobold demonologist (D:12)
  2 rime drakes
  A yaktaur (D:9)
  9 komodo dragons
  9 trolls
  The ghost of styxcanada the Covered, an amateur MiFi (D:5)
  10 polar bears
  2 red devils (Volcano)
  5 raiju (Lair:5)
  14 dream sheep
  A snapping turtle (Lair:2)
  5 blink frogs
  A flying skull (Gauntlet)
  A culicivora (shapeshifter) (D:13)
  12 shadows
  6 wyverns
  35 yaks
  A vampire (Bailey)
  7 wraiths
  5 basilisks
  A steam dragon (D:8)
  4 vampire mosquitoes
  Menkaure (D:6)
  Edmund (D:5)
  5 wargs
  A naga (Lair:2)
  20 water moccasins
  4 acid dragons
  A floating eye (shapeshifter) (D:15)
  13 hell hounds
  33 orc warriors
  3 sky beasts
  14 black bears
  An ice beast (D:8)
  11 ogres
  A black bear (shapeshifter) (D:15)
  10 centaurs
  32 wolves
  A lemure (D:5)
  13 bullfrogs
  2 kobold brigands (D:9)
  A scorpion (D:5)
  16 wights
  16 killer bees
  5 spriggan skeletons (D:13)
  A troll skeleton (D:13)
  9 vampire bats (Bailey)
  10 howler monkeys
  5 wolf zombies (Bailey)
  4 electric eels
  4 hounds
  20 orc priests
  3 iguanas
  Ijyb (D:3)
  21 orc wizards
  12 adders
  4 river rats (Sewer)
  A shadow imp (D:5)
  3 white imps
  An ufetubus (D:7)
  3 worms
  A dart slug (D:2)
  111 orcs
  13 ball pythons
  6 bats
  3 endoplasms
  A giant cockroach (D:4)
  6 goblins
  8 hobgoblins
  9 jackals
  7 quokkas
  11 frilled lizards
  16 kobolds
  15 orc zombies (Bailey)
  34 rats
855 creatures vanquished.

Vanquished Creatures (others)
  20 fungi
  46 plants
  4 toadstools (D:4)
70 creatures vanquished.

Grand Total: 925 creatures vanquished

Notes
Turn   | Place    | Note
-------+----------+-------------------------------------------
     0 | D:1      | sanboga the Minotaur Berserker began the quest for the Orb.
     0 | D:1      | Reached XP level 1. HP: 19/19 MP: 0/0
   390 | D:1      | Reached XP level 2. HP: 23/27 MP: 1/1
  1052 | D:2      | Reached skill level 4 in Fighting
  1056 | D:2      | Reached XP level 3. HP: 26/33 MP: 2/2
  1260 | D:2      | Reached ** piety under Trog
  1423 | D:2      | Identified the +5 scale mail "Ipimybu" {Will++ Str+4}
  1547 | D:2      | Reached XP level 4. HP: 40/40 MP: 3/3
  1580 | D:2      | Reached skill level 5 in Axes
  1665 | D:2      | Found a faded altar of an unknown god.
  1747 | D:3      | Noticed Ijyb
  1754 | D:3      | Killed Ijyb
  1901 | D:3      | Reached XP level 5. HP: 28/47 MP: 4/4
  1978 | D:3      | Found a glowing drain.
  1987 | Sewer    | Entered a sewer
  2125 | Sewer    | Reached *** piety under Trog
  2580 | D:3      | Reached skill level 5 in Fighting
  2657 | D:3      | Found a hazy altar of Hepliaklqana.
  2657 | D:3      | Found a shimmering altar of Xom.
  2658 | D:3      | Found a sparkling altar of Nemelex Xobeh.
  2911 | D:4      | Reached XP level 6. HP: 39/56 MP: 5/5
  3054 | D:4      | Found a staircase to the Ecumenical Temple.
  3054 | D:4      | Identified the +2 sling "Famicoodid" {venom, *Corrode rElec
                  | rF+++ Int-5}
  3066 | D:4      | Reached **** piety under Trog
  3123 | D:4      | Found Suomutod's Armour Shop.
  3472 | D:5      | Entered Level 5 of the Dungeon
  3475 | D:5      | Found a transporter.
  3476 | D:5      | Noticed styxcanada's ghost (amateur MiFi)
  3476 | D:5      | Noticed a yak
  3477 | D:5      | Noticed a yak
  3477 | D:5      | Noticed a yak
  3478 | D:5      | Noticed a yak
  3478 | D:5      | Noticed a yak
  3485 | D:5      | Killed a yak
  3486 | D:5      | Reached skill level 5 in Armour
  3486 | D:5      | Reached XP level 7. HP: 52/62 MP: 6/6
  3489 | D:5      | Killed a yak
  3490 | D:5      | Reached skill level 6 in Fighting
  3491 | D:5      | Killed a yak
  3491 | D:5      | Killed a yak
  3492 | D:5      | Reached XP level 8. HP: 51/71 MP: 7/7
  3663 | D:5      | Found a transporter.
  3716 | D:5      | Reached skill level 7 in Fighting
  3845 | D:5      | Noticed Pikel
  3857 | D:5      | Killed Pikel
  3858 | D:5      | Reached skill level 10 in Axes
  4073 | D:5      | Noticed Edmund
  4084 | D:5      | Killed Edmund
  4394 | D:5      | Reached XP level 9. HP: 73/81 MP: 8/8
  4395 | D:5      | Reached skill level 8 in Fighting
  4755 | D:5      | Killed styxcanada's ghost
  4922 | D:6      | Noticed Menkaure
  4928 | D:6      | Killed Menkaure
  5129 | D:6      | Reached ***** piety under Trog
  5272 | D:4      | Bought the +1 pair of boots "Zaeqa" {rN++ Int+3} for 366
                  | gold pieces
  5363 | D:6      | Reached skill level 9 in Fighting
  5826 | D:7      | Found a flagged portal.
  5835 | Bailey   | Entered a bailey
  5947 | Bailey   | Reached XP level 10. HP: 90/91 MP: 9/9
  6084 | Bailey   | Noticed a gargoyle
  6098 | Bailey   | Killed a gargoyle
  6857 | D:7      | Identified the +5 ring mail of Modesty {rCorr Str+3}
  6878 | D:7      | Reached skill level 10 in Fighting
  6960 | D:7      | Noticed a two-headed ogre
  6970 | D:7      | Killed a two-headed ogre
  7207 | D:7      | Noticed a cyclops
  7216 | D:7      | Killed a cyclops
  7217 | D:7      | Reached skill level 10 in Armour
  7536 | D:7      | Noticed a cyclops
  7543 | D:7      | Killed a cyclops
  8861 | D:8      | Reached XP level 11. HP: 98/101 MP: 10/10
  8877 | D:8      | Found a staircase to the Lair.
  9381 | D:8      | Found a runed translucent gate.
  9381 | D:8      | Found a runed translucent gate.
  9382 | D:8      | Found a runed translucent gate.
  9382 | D:8      | Noticed Jingleheimer's ghost (novice DsGl)
  9384 | D:8      | Identified the +5 plate armour of Suaxkeasm {rC+++ Will-
                  | rCorr Slay+2}
  9714 | D:9      | Noticed a green ugly thing
  9714 | D:9      | Noticed a tengu warrior
  9714 | D:9      | Noticed a boulder beetle
  9714 | D:9      | Noticed a green ugly thing
  9725 | D:9      | Killed a green ugly thing
  9726 | D:9      | Reached skill level 11 in Fighting
  9726 | D:9      | Killed a green ugly thing
  9731 | D:9      | Killed a tengu warrior
  9732 | D:9      | Reached skill level 15 in Axes
  9745 | D:9      | Killed a boulder beetle
 10003 | D:9      | Noticed a boulder beetle
 10019 | D:9      | Killed a boulder beetle
 10054 | D:9      | Identified the +7 mace of Exquisite Death {vorpal, Drain
                  | Int+6}
 10329 | D:9      | Noticed Amaemon
 10336 | D:9      | Killed Amaemon
 10431 | D:9      | Received a gift from Trog
 10797 | D:9      | Noticed Erica
 10812 | D:9      | Killed Erica
 10813 | D:9      | Reached skill level 12 in Fighting
 11301 | D:9      | Identified a scroll of acquirement
 11301 | D:9      | Acquired the ring "Yvadum" {rF+ Str+3 Int+2}
 11360 | D:10     | Entered Level 10 of the Dungeon
 11832 | D:10     | Noticed a two-headed ogre
 11842 | D:10     | Killed a two-headed ogre
 11843 | D:10     | Reached skill level 1 in Shields
 11843 | D:10     | Reached XP level 12. HP: 92/113 MP: 11/11
 12277 | D:11     | Noticed Fannar
 12299 | D:11     | Noticed a two-headed ogre
 12306 | D:11     | Killed Fannar
 12316 | D:11     | Killed a two-headed ogre
 12430 | D:11     | Received a gift from Trog
 12530 | D:11     | Found a broken altar of Ashenzari.
 12644 | D:11     | You fall into a shaft and drop 1 floor!
 12706 | D:12     | Noticed a centaur warrior
 12712 | D:12     | Noticed a centaur warrior
 12717 | D:12     | Killed a centaur warrior
 12728 | D:12     | Killed a centaur warrior
 12755 | D:12     | Reached skill level 13 in Fighting
 12873 | D:11     | Found a staircase to the Orcish Mines.
 13333 | Orc:1    | Entered Level 1 of the Orcish Mines
 13405 | D:12     | Noticed a four-headed hydra
 13416 | D:12     | Killed a ten-headed hydra
 13495 | D:12     | Reached skill level 5 in Shields
 13618 | D:12     | Noticed a two-headed ogre
 13625 | D:12     | Killed a two-headed ogre
 13936 | D:13     | Found a gate to the Vaults.
 13936 | D:13     | Noticed a vault guard
 13936 | D:13     | Noticed a vault guard
 13936 | D:13     | Noticed a vault guard
 13936 | D:13     | Noticed a vault guard
 13936 | D:13     | Noticed a vault guard
 13936 | D:13     | Noticed a vault guard
 13937 | D:13     | Noticed a vault guard
 13937 | D:13     | Noticed a vault guard
 13956 | D:12     | Killed a vault guard
 14034 | D:13     | Reached XP level 13. HP: 107/122 MP: 12/12
 14093 | D:13     | Received a gift from Trog
 14506 | D:13     | Reached skill level 14 in Fighting
 16252 | D:14     | Reached skill level 15 in Fighting
 16721 | D:14     | Reached skill level 15 in Armour
 17011 | D:15     | Entered Level 15 of the Dungeon
 17049 | D:15     | Reached XP level 14. HP: 103/135 MP: 13/13
 17384 | D:15     | Reached skill level 10 in Shields
 17885 | D:15     | Found a staircase to the Depths.
 18353 | D:15     | Received a gift from Trog
 18583 | Lair:1   | Entered Level 1 of the Lair of Beasts
 18622 | Lair:1   | Found a gate leading to a gauntlet.
 18632 | Gauntlet | Entered a Gauntlet
 18632 | Gauntlet | Found a transporter.
 18632 | Gauntlet | Found a transporter.
 18636 | Gauntlet | Found a transporter.
 18636 | Gauntlet | Found a transporter.
 18640 | Gauntlet | Found a transporter.
 18640 | Gauntlet | Found a transporter.
 18672 | Gauntlet | Found a transporter.
 18676 | Gauntlet | Found a transporter.
 18687 | Gauntlet | Found a runed translucent door.
 18691 | Gauntlet | Found a transporter.
 18706 | Gauntlet | Found a transporter.
 18721 | Gauntlet | Found a transporter.
 18725 | Gauntlet | Found a transporter.
 18798 | Gauntlet | Reached skill level 16 in Fighting
 18968 | Gauntlet | Identified the amulet of Finality {rElec rF- Regen+ Int+3}
 19089 | Gauntlet | Identified the +1 pair of boots of the Sun {+Blink rPois
                  | Dex+2 Stlth-}
 19505 | Lair:1   | Identified the +2 robe of the Several Mouths {Slay+3}
 19963 | Lair:2   | Noticed Maggie
 19989 | Lair:2   | Killed Maggie
 20170 | Lair:2   | Found a staircase to the Snake Pit.
 20743 | Lair:2   | Found a staircase to the Shoals.
 20849 | Lair:3   | Found a dark tunnel.
 20856 | Volcano  | Entered a volcano
 20989 | Volcano  | Reached ****** piety under Trog
 21027 | Volcano  | Received a gift from Trog
 21238 | Lair:3   | Reached skill level 17 in Fighting
 21252 | Lair:3   | Reached XP level 15. HP: 128/147 MP: 14/14
 21787 | Lair:4   | Found a viscous altar of Jiyva.
 21787 | Lair:4   | Found a staircase to the Slime Pits.
 21932 | Lair:4   | Noticed Sonja
 21935 | Lair:4   | Killed Sonja
 22466 | Lair:5   | Entered Level 5 of the Lair of Beasts
 22986 | Lair:5   | Received a gift from Trog
 23800 | D:8      | Killed Jingleheimer's ghost
 24147 | Lair:5   | Reached skill level 18 in Fighting
 24574 | Lair:5   | Received a gift from Trog
 25272 | Orc:1    | Found Gusej's Assorted Antiques.
 25282 | Orc:1    | Bought a scroll labelled SUFFIY OTSANGOI for 26 gold pieces
 25282 | Orc:1    | Bought 2 potions of might for 208 gold pieces
 25462 | Orc:1    | Found Real's Antique Armour Shop.
 25512 | Orc:1    | Found Geuciac's Distillery.
 25517 | Orc:1    | Bought a potion of haste for 110 gold pieces
 25517 | Orc:1    | Bought a potion of heal wounds for 55 gold pieces
 26116 | Orc:2    | Entered Level 2 of the Orcish Mines
 26130 | Orc:2    | Received a gift from Trog
 26326 | Orc:2    | Found Oryenuk's Distillery.
 26330 | Orc:2    | Bought a potion of might for 68 gold pieces
 26330 | Orc:2    | Bought a potion of invisibility for 136 gold pieces
 26428 | Orc:2    | Paralysed by a chaos spawn for 3 turns
 26439 | Orc:2    | Reached XP level 16. HP: 41/159 MP: 15/15
 26440 | Orc:2    | Found Sudgheoma's Book Shoppe.
 26440 | Orc:2    | Found Poerugher's Jewellery Shop.
 26450 | Orc:2    | Found Sirresk's Jewellery Shoppe.
 26450 | Orc:2    | Found Uhadgh's Weapon Shop.
 26924 | Orc:2    | Found a staircase to the Elven Halls.
 26958 | Orc:2    | Paralysed by an orc sorcerer for 5 turns
 27633 | Snake:1  | Entered Level 1 of the Snake Pit
 27697 | Snake:1  | Received a gift from Trog
 27709 | Snake:1  | Reached skill level 15 in Shields
 27712 | Snake:1  | Reached skill level 19 in Fighting
 28115 | Snake:1  | Mangled by a salamander

Illustrated notes

Levels and vault maps discovered:
D:1:      dpeg_arrival_concentric_ovals, layout_basic
D:2:      layout_rooms, hellmonk_ecumenical_altar_lost_god, serial_curves,
          eino_curves_04, eino_curves_03
D:3:      layout_rooms, gammafunk_temple_overflow_claw, portal_sewer_entry_d,
          minmay_rat_hole, uniq_ijyb
D:4:      layout_rooms, minmay_temple_entry_grid, serial_shops,
          nicolae_shop_trees, minmay_gold_behind_fungi
D:5:      layout_gridville, gammafunk_ghost_smash, uniq_pikel, uniq_edmund
D:6:      layout_loops_cross, uniq_menkaure
D:7:      nzn_winding_woodlands_three_and_one
          [nzn_winding_woodlands_5x15_parted,
          nzn_winding_woodlands_5x15_lazy_stream,
          nzn_winding_woodlands_5x15_default,
          nzn_winding_woodlands_center_triple_pond], layout_layer_cave,
          enter_bailey_2
D:8:      layout_basic, lair_entry_dummy, biasface_ghost_orc_armoury,
          hangedman_abyss_or_decor_clamps
D:9:      minmay_shrinking_squares, layout_grid_maze, uniq_erica, uniq_amaemon
D:10:     layout_layer_cave
D:11:     layout_cave_pools, hiddenorc2_lemuel, ashenzari_conservatory_becter,
          uniq_fannar
D:12:     layout_cave_pools
D:13:     minmay_bubble_buster, layout_loops_ring, erik_vaults_2,
          minmay_misc_feat_iff, hangedman_tell_no_tales
D:14:     layout_roguey, infiniplex_staircase_pool_1
D:15:     hangedman_depths_entry_try_elsewhere_first, layout_gridville,
          roderic_lattice_a
Lair:1:   layout_cave_pods, gauntlet_entry_generic,
          nicolae_lair_grove_arrangements, dreamdust_deal_with_the_devil
Lair:2:   layout_loops_ring, minmay_shoals_entry_hut,
          guppyfry_snake_entry_island, uniq_maggie
Lair:3:   layout_misc_corridors, enter_volcano_2
Lair:4:   layout_loops_ring, slime_entry_1, infiniplex_staircase_pool_2,
          uniq_sonja
Lair:5:   hangedman_lair_in_review, layout_small_grid,
          hangedman_lair_caniforms_friends, serial_bayou_shore_a
Snake:1:  layout_rooms, nicolae_snake_dead_anacondas
Orc:1:    layout_diamond_mine, serial_shops, nicolae_square_shop,
          nicolae_shop_advertising_works [nicolae_subvault_shop_adworks], shop,
          special_room [special_room_orc]
Orc:2:    grunt_orc_tribal_feast, layout_diamond_mine, serial_shops, shop

Skill      XL: |  1  2  3  4  5  6  7  8  9 10 11 12 13 14 15 16 |
---------------+-------------------------------------------------+-----
Axes           | 4 5 6 7 8 10 12 14 16 18 | 18.0
Fighting       | 4 5 6 7 9 10 12 13 15 17 18 19 | 19.1
Armour         | 3 4 5 6 7 9 10 12 13 15 16 18 | 18.9
Shields        | 1 5 9 12 14 15 | 15.2
Dodging        | |  2.1

Action                   |  1- 3 |  4- 6 |  7- 9 | 10-12 | 13-15 | 16-18 || total
-------------------------+-------+-------+-------+-------+-------+-------++-------
Melee: Hand axe          |    65 |   223 |   171 |   621 |     7 |       ||  1087
       Headbutt          |    10 |    17 |    38 |   122 |   173 |    25 ||   385
       Punch             |       |       |     2 |     3 |       |       ||     5
       Broad axe         |       |       |       |       |   807 |    91 ||   898
Invok: Berserk           |       |     1 |     3 |    11 |     5 |     1 ||    21
Evoke: Wand              |       |       |       |       |     3 |       ||     3
  Use: Scroll            |       |     4 |     8 |    13 |    11 |       ||    36
Armor: Animal skin       |    14 |       |       |       |       |       ||    14
       Scale mail        |     1 |    96 |    73 |   235 |   140 |       ||   545
       Crystal plate arm |       |       |       |       |   193 |       ||   193
       Plate armour      |       |       |       |       |    76 |    37 ||   113
Dodge: Dodged            |    52 |   113 |    74 |   224 |   261 |    23 ||   747
Block: Buckler           |       |       |       |    82 |     2 |       ||    84
       Tower shield      |       |       |       |       |   670 |    78 ||   748
